 Dungeon Crawl Stone Soup version 0.29.0-4-gdea44cf6ec (webtiles) character file.

Game seed: 8730955011257728184

36 qw the Ruffian (level 3, -2/28 HPs)
             Began as a Ghoul Fire Elementalist on Aug 30, 2022.
             Slain by an adder (3 damage)
             ... on level 2 of the Dungeon.
             The game lasted 00:01:07 (2230 turns).

qw the Ruffian (Ghoul Fire Elementalist)            Turns: 2230, Time: 00:01:07

Health: -2/28      AC:  2    Str: 13    XL:     3   Next: 37%
Magic:  4/4        EV: 12    Int: 10    God:
Gold:   91         SH:  0    Dex:  9    Spells: 4/5 levels left

rFire   . . .      SeeInvis .     - Unarmed
rCold   + . .      Faith    .   (no shield)
rNeg    + + +      Spirit   .   a - +0 robe
rPois   inf        Reflect  .   (no helmet)
rElec   .          Harm     .   (no cloak)
rCorr   .          Rampage  .   (no gloves)
Will    .....                   (no boots)
Stlth   ++........              (no amulet)
HPRegen 0.00/turn               (no ring)
MPRegen 0.09/turn               (no ring)

@: inhibited regen
A: claws 1, cold resistance 1, negative energy resistance 3, inhibited
regeneration, torment resistance 2, devour on kill
a: no special abilities


You were on level 2 of the Dungeon.
You visited 1 branch of the dungeon, and saw 2 of its levels.

You collected 91 gold pieces.


Innate Abilities, Weirdness & Mutations

You are immune to poison.
You have sharp fingernails.
Your flesh is cold resistant. (rC+)
You are immune to negative energy. (rN+++)
You do not regenerate when monsters are visible.
You are immune to unholy pain and torment.
You thrive by killing the living.


   Skills:
 - Level 1.1 Fighting
 - Level 1.7 Dodging
 - Level 2.1 Stealth
 + Level 2.8 Unarmed Combat
 - Level 1.7 Spellcasting
 - Level 0.7 Conjurations
 - Level 2.4 Fire Magic


You had 4 spell levels left.
You knew the following spells:

 Your Spells              Type           Power      Damage    Failure   Level
a - Foxfire               Conj/Fire      16%        2x1d4     17%         1

Your spell library contained the following spells:

 Spells                   Type           Power      Damage    Failure   Level
 Scorch                   Fire           10%        2d5       19%         2
 Conjure Flame            Conj/Fire      4%         6-21      45%         3
 Inner Flame              Hex/Fire       3%         N/A       52%         3
 Flame Wave               Conj/Fire      4%         2d5       86%         4

Inventory:

Armour
 a - a +0 robe (worn)
Scrolls
 b - a scroll of enchant armour
 c - a scroll of magic mapping {unknown}
 d - a scroll of identify
 e - a scroll of immolation {unknown}
Potions
 f - a potion of heal wounds {unknown}
 h - a potion of curing {unknown}

Dungeon Overview and Level Annotations

Branches:
Dungeon (2/15)

Altars:


Message History

You scratch the adder but do no damage.
The adder is heavily wounded.
The adder completely misses you.
You scratch the adder.
The adder is severely wounded.
The adder closely misses you.
You barely miss the adder.
The adder is severely wounded.
The adder bites you. x2
You scratch the adder but do no damage.
The adder is severely wounded.
The adder closely misses you.
You scratch the adder but do no damage.
The adder is heavily wounded.
The adder barely misses you.
You scratch the adder.
The adder is severely wounded.
The adder closely misses you.
You barely miss the adder.
The adder is severely wounded.
The adder bites you but does no damage.
You completely miss the adder.
The adder is severely wounded.
The adder bites you.
You scratch the adder but do no damage.
The adder is severely wounded.
The adder bites you but does no damage.
You scratch the adder but do no damage.
The adder is severely wounded.
The adder bites you. The adder completely misses you.
You scratch the adder but do no damage.
The adder is severely wounded.
The adder bites you.
You barely miss the adder.
The adder is severely wounded.
The adder bites you but does no damage.
You barely miss the adder.
The adder is severely wounded.
The adder bites you.
You die...

#.# .#.. .. ######.#
....#..# .....#.##
......# #....# .....#
#... #.#..### #####)##
#..#...# #.......
...###.#...######.......
......S@.....)..........
...####.........#.......
##.#....#.........
#.###..##...(...#
#..##..##.......#
##..##.........##
##.....#.......#
####..#.......#
##.#.......#


You could see an adder.

Vanquished Creatures
  An adder (D:2)
  A dart slug (D:1)
  A ball python (D:1)
  2 endoplasms
  A giant cockroach (D:1)
  4 goblins (D:1)
  6 hobgoblins (D:1)
  A quokka (D:1)
  4 kobolds (D:2)
  A rat (D:1)
22 creatures vanquished.

Notes
Turn   | Place    | Note
-------+----------+-------------------------------------------
     0 | D:1      | qw the Ghoul Fire Elementalist began the quest for the Orb.
     0 | D:1      | Reached XP level 1. HP: 14/14 MP: 2/2
     0 | D:1      | 0 ||| qw: Version: 0.1-a-90-g952f4b7
     0 | D:1      | 0 ||| qw: Game counter: 4336
     0 | D:1      | 0 ||| qw: Always use a shield: true
     0 | D:1      | 0 ||| qw: God list: Okawaru
     0 | D:1      | 0 ||| qw: Allow faded altars: false
     0 | D:1      | 0 ||| qw: Do Orc after D:15 true
     0 | D:1      | 0 ||| qw: Do second Lair branch before Depths: true
     0 | D:1      | 0 ||| qw: Lair rune preference: random
     0 | D:1      | 0 ||| qw: Plans: Normal
     0 | D:1      | 0 ||| PLANNING D:1-11
   277 | D:1      | Reached skill level 1 in Unarmed Combat
   345 | D:1      | Reached XP level 2. HP: 17/22 MP: 3/3
   461 | D:1      | Reached skill level 1 in Fighting
   877 | D:1      | Found a faded altar of an unknown god.
  1456 | D:1      | 1456 ||| READING scroll labelled TALYNL HEITS.
  1457 | D:1      | 1457 ||| READING scroll labelled ONIRICL EXTATYO.
  1658 | D:1      | 1658 ||| READING 2 scrolls labelled XUCZEOLINOI.
  1659 | D:1      | 1659 ||| READING scroll labelled RUZEASO LIATYDUO.
  1660 | D:1      | 1660 ||| READING scroll labelled CIFUFA QUOMOSURITS.
  1661 | D:1      | 1661 ||| READING scroll labelled TIPNEVITOT.
  1662 | D:1      | 1662 ||| DRINKING 2 ruby potions.
  1663 | D:1      | 1663 ||| DRINKING 4 amethyst potions.
  1764 | D:1      | 1764 ||| DROPPING potion of magic.
  1765 | D:1      | 1765 ||| DROPPING potion of brilliance.
  1766 | D:1      | 1766 ||| DROPPING 3 potions of ambrosia.
  1767 | D:1      | 1767 ||| DROPPING scroll of amnesia.
  1792 | D:2      | Reached XP level 3. HP: 17/28 MP: 4/4
  1792 | D:2      | 1792 ||| STAIRDANCE
  1924 | D:2      | 1924 ||| FLEEEEING.
  1925 | D:2      | 1925 ||| FLEEEEING.
  1926 | D:2      | 1926 ||| FLEEEEING.
  1927 | D:2      | 1927 ||| FLEEEEING.
  1928 | D:2      | 1928 ||| FLEEEEING.
  1929 | D:2      | 1929 ||| FLEEEEING.
  1930 | D:2      | 1930 ||| FLEEEEING.
  1931 | D:2      | 1931 ||| FLEEEEING.
  1932 | D:2      | 1932 ||| FLEEEEING.
  1933 | D:2      | 1933 ||| FLEEEEING.
  1934 | D:2      | 1934 ||| STAIRDANCE
  2003 | D:2      | 2003 ||| Stepping ~*~*~tactically~*~*~ (stealth).
  2005 | D:2      | 2005 ||| Stepping ~*~*~tactically~*~*~ (stealth).
  2220 | D:2      | HP: 6/28 [adder (3)]
  2225 | D:2      | HP: 5/28 [adder (1)]
  2228 | D:2      | HP: 1/28 [adder (2)]
  2230 | D:2      | Slain by an adder

Levels and vault maps discovered:
D:1:      dpeg_chamrin_arrival_tetris, layout_basic,
          shapermc_ecumenical_altar_venn, serial_co_window_serial,
          co_window_paths_b, co_window_paths_a, co_window_paths_a,
          co_window_paths_a, co_window_of_opportunity_a, co_window_cross_3,
          co_window_broadway_c, co_window_corner_b, co_window_broadway_c,
          co_window_sun, co_window_4corner_a, glass_columns_a, glass_columns_a,
          glass_columns_b, glass_columns_b, glass_columns_a,
          chequers_serial_rivers_room_b, grunt_decor_one_mirror
D:2:      layout_rooms

Skill      XL: |  1  2 |
---------------+-------+-----
Unarmed Combat | 1 2 |  2.8
Fighting       | 1 |  1.1
Dodging        | |  1.7
Stealth        | |  2.1
Spellcasting   | |  1.7
Conjurations   | |  0.7
Fire Magic     | |  2.4

Action                   || total
-------------------------++-------
Melee: Unarmed           ||   106
       Punch             ||     1
  Use: Scroll            ||     6
       Potion            ||     2
Armor: Robe              ||    11
Dodge: Dodged            ||    51

Table legend:
 A = Non-vault XP
 B = Vault XP
 C = Vault XP percentage of total XP
 D = Non-vault monster count
 E = Vault monster count
 F = Vault count percentage of total count
                 A         B        C        D         E       F
            +---------+---------+-------+---------+---------+-------
      Total |      52 |       0 |   0.0 |      22 |       0 |   0.0
            +---------+---------+-------+---------+---------+-------
        D:1 |      33 |       0 |   0.0 |      16 |       0 |   0.0
        D:2 |      19 |       0 |   0.0 |       6 |       0 |   0.0
            +---------+---------+-------+---------+---------+-------
